[Event "*** Titled Tuesday Blitz"]
[Site "Chess.com"]
[Date "2020.11.03"]
[Round "7"]
[White "m_ezat"]
[Black "ErikRonka"]
[Result "1-0"]
[WhiteElo "2541"]
[BlackElo "2375"]
[TimeControl "180+1"]
[EndTime "11:18:05 PST"]
[Termination "m_ezat won by resignation"]

1. d4 d5 2. c4 c6 3. Nc3 Nf6 4. cxd5 cxd5 5. Bf4 Nc6 6. e3 Bf5 7. Bb5 e6 8. Nf3 Bd6 9. Ne5 Bxe5 10. Bxe5 Rc8 11.
O-O O-O 12. Bg3 a6 13. Be2 b5 14. a4 b4 15. Na2 a5 16. Ba6 Ra8 17. Bb7 Qb6 18.
Bxa8 Rxa8 19. Nc1 g5 20. Nb3 Ne4 21. Rc1 Bg6 22. Nc5 Nf6 23. Be5 Ne8 24. h4 h6 25.
hxg5 hxg5 26. Qg4 Nxe5 27. dxe5 1-0

[Event "*** Titled Tuesday Blitz"]
[Site "Chess.com"]
[Date "2020.11.03"]
[Round "7"]
[White "profofchess"]
[Black "Sven_Tica"]
[Result "0-1"]
[WhiteElo "2384"]
[BlackElo "2690"]
[TimeControl "180+1"]
[EndTime "11:18:09 PST"]
[Termination "Sven_Tica won by resignation"]

1. e4 c5 2. Nf3 Nf6 3. e5 Nd5 4.
Nc3 e6 5. Nxd5 exd5 6. d4 Nc6 7.
dxc5 Bxc5 8. Qxd5 Qb6 9. Bc4 Bxf2+ 10. Ke2 O-O 11. Rf1 Bc5 12. Ng5 Nd4+ 13. Kd1 Ne6 14.
Qe4 Nxg5 15. Bxg5 Qxb2 16. Bd3 g6 17. Ke2 d5 18. Qf4 Qd4 19. Qf6 Bg4+ 20. Rf3 Bxf3+ 21. gxf3 Rfe8 22. f4 Qf2+ 23. Kd1 Be3 24. Be2 Qg1+ 0-1

[Event "*** Titled Tuesday Blitz"]
[Site "Chess.com"]
[Date "2020.11.03"]
[Round "7"]
[White "fabianvivasz"]
[Black "lelajavakhishvili"]
[Result "1-0"]
[WhiteElo "2383"]
[BlackElo "2517"]
[TimeControl "180+1"]
[EndTime "11:18:15 PST"]
[Termination "fabianvivasz won by resignation"]

1. e4 c5 2. Nc3 e6 3. Nf3 a6 4.
d4 cxd4 5. Nxd4 b5 6. Bd3 Bb7 7. O-O Nc6 8. Nxc6 Bxc6 9. f4 Bc5+ 10. Kh1 Ne7 11. f5 f6 12. Qh5+ g6 13. fxg6 Nxg6 14. Qxc5 Qc7 15. Rxf6 O-O-O 16. a4 d6 17. Qf2 b4 18.
Bxa6+ Kb8 19. Nb5 Qe7 20. Bg5 Bxb5 21. Qb6+ 1-0

[Event "*** Titled Tuesday Blitz"]
[Site "Chess.com"]
[Date "2020.11.03"]
[Round "7"]
[White "annacramling"]
[Black "beautroll"]
[Result "0-1"]
[WhiteElo "1989"]
[BlackElo "2353"]
[TimeControl "180+1"]
[EndTime "11:18:18 PST"]
[Termination "beautroll won by checkmate"]

1. d4 Nf6 2. c4 g6 3. Nc3 Bg7 4. e4 d6 5. h3 O-O 6. Bg5 c5 7. d5 h6 8. Be3 e6 9. Bd3 exd5 10.
exd5 Re8 11. Nf3 a6 12. a4 Nbd7 13. O-O Ne5 14. Nxe5 Rxe5 15. Qd2 Kh7 16. f4 Rxe3 17. Qxe3 Ng4 18. Qd2 Bd4+ 19. Kh1 Qh4 20. Ne4 f5 21. Nxd6 Qg3 22. hxg4 Qh4# 0-1

[Event "*** Titled Tuesday Blitz"]
[Site "Chess.com"]
[Date "2020.11.03"]
[Round "7"]
[White "AndrewMcStone"]
[Black "yourstrulyme"]
[Result "0-1"]
[WhiteElo "2137"]
[BlackElo "2415"]
[TimeControl "180+1"]
[EndTime "11:18:18 PST"]
[Termination "yourstrulyme won by resignation"]

1. d4 Nf6 2. c4 e6 3. Nc3 d5 4.
cxd5 exd5 5. Bg5 Be7 6. e3 c6 7. Bd3 Nbd7 8. Qc2 Nh5 9. Bxe7 Qxe7 10. Nf3 g6 11. h3 Ndf6 12. g4 Ng7 13. O-O-O Be6 14. Ne5 O-O-O 15. Kb1 Kb8 16. Na4 Nge8 17. Nc5 Nd6 18. Rc1 Nfe4 19. Nxe4 dxe4 20. Bxe4 Nxe4 21.
Qxe4 f6 22. Nxc6+ bxc6 23. Qxc6 Bd5 24. Qb5+ Qb7 25. Qxb7+ Kxb7 26. Rhe1 Rc8 27. Rxc8 Rxc8 28. e4 Re8 29. f3 f5 30. gxf5 gxf5 31. Rg1 fxe4 32.
Rg7+ Kb6 0-1

[Event "*** Titled Tuesday Blitz"]
[Site "Chess.com"]
[Date "2020.11.03"]
[Round "7"]
[White "szefru"]
[Black "Titus369"]
[Result "0-1"]
[WhiteElo "2272"]
[BlackElo "2531"]
[TimeControl "180+1"]
[EndTime "11:18:38 PST"]
[Termination "Titus369 won by resignation"]

1. e4 c5 2. Nf3 d6 3. d4 cxd4 4. Qxd4 a6 5. c4 Nc6 6. Qd2 Nf6 7. Nc3 g6 8. b3 Bg7 9. Bb2 Qa5 10. Bd3 O-O 11. O-O Ng4 12. h3 Nge5 13. Nxe5 Nxe5 14. Bc2 b5 15. cxb5 axb5 16. Qe2 b4 17. Nd5 Ba6 18. Nxe7+ Kh8 19. Qe3 Bxf1 20. Kxf1 Qc7 21. Nf5 gxf5 22.
Bd1 fxe4 23. Qxe4 Qc6 24. Qf5 Qa6+ 25. Kg1 Qd3 26. Qh5 Qg6 27. Qe2 Nf3+ 28. Kh1 Nh4 29.
f4 Bxb2 30. Qxb2+ Qg7 0-1

[Event "*** Titled Tuesday Blitz"]
[Site "Chess.com"]
[Date "2020.11.03"]
[Round "7"]
[White "Artyom_ChessMate"]
[Black "kot60"]
[Result "1-0"]
[WhiteElo "2562"]
[BlackElo "2382"]
[TimeControl "180+1"]
[EndTime "11:18:39 PST"]
[Termination "Artyom_ChessMate won by checkmate"]

1. e4 e5 2. Nf3 Nc6 3. Bb5 a6 4. Bxc6 dxc6 5. O-O f6 6. d4 exd4 7. Nxd4 Bd6 8. Nb3 Qe7 9. Nc3 h5 10. f4 Bg4 11. Qe1 O-O-O 12. Qf2 Kb8 13. Be3 Nh6 14.
h3 Bc8 15. Rad1 g5 16. e5 gxf4 17. Ba7+ Ka8 18. exd6 cxd6 19. Bb6 Rdg8 20. Rfe1 Qg7 21. Rd3 Nf7 22. Re7 Qf8 23. Rxf7 Qxf7 24. Qxf4 d5 25.
Bf2 Qg6 26. Rg3 Qxc2 27. Qd4 Kb8 28. Qa7+ Kc7 29. Bb6+ Kd7 30. Qb8 Rxg3 31. Qxg3 Re8 32.
Qc7+ Ke6 33. Nd4# 1-0

[Event "*** Titled Tuesday Blitz"]
[Site "Chess.com"]
[Date "2020.11.03"]
[Round "7"]
[White "Beca95"]
[Black "penguingm1"]
[Result "1-0"]
[WhiteElo "2962"]
[BlackElo "2813"]
[TimeControl "180+1"]
[EndTime "11:18:45 PST"]
[Termination "Beca95 won by resignation"]

1. e4 e5 2. Nc3 Nf6 3. Nf3 Nc6 4. Bb5 Bb4 5. Bxc6 dxc6 6. d3 Nd7 7. Bd2 O-O 8. h3 Bd6 9. g4 Nc5 10. Ne2 Ne6 11.
Ng3 c5 12. Nf5 b5 13. c4 bxc4 14. dxc4 Bb7 15. Qc2 Re8 16. O-O-O Nd4 17. N3xd4 cxd4 18. h4 Qd7 19. h5 Qc6 20. f3 a5 21. Kb1 a4 22. Rc1 Reb8 23. Ka1 Bc8 24. g5 Be6 25. g6 fxg6 26. hxg6 hxg6 27. Nh4 Bf7 28. Bg5 Bc5 29.
Qh2 d3 30. Nf5 Kf8 31. Qh8+ Bg8 32. Qxg7+ Ke8 33. Rh8 1-0

[Event "*** Titled Tuesday Blitz"]
[Site "Chess.com"]
[Date "2020.11.03"]
[Round "7"]
[White "Legendinunknown"]
[Black "Azerichess"]
[Result "0-1"]
[WhiteElo "2687"]
[BlackElo "3008"]
[TimeControl "180+1"]
[EndTime "11:18:46 PST"]
[Termination "Azerichess won by resignation"]

1. d4 d5 2. c4 c5 3. dxc5 d4 4. Nf3 Nc6 5. e3 e5 6. exd4 exd4 7. a3 a5 8. Nbd2 Bxc5 9. Nb3 Ba7 10. c5 Nf6 11.
Nfxd4 Nxd4 12. Qxd4 Qxd4 13. Nxd4 Bxc5 14. Nb3 Bb6 15. Be2 Be6 16. Nd2 Rc8 17. O-O O-O 18. b3 Rfd8 19. Nc4 Bd4 20. Rb1 a4 21. Be3 Bxe3 22. fxe3 axb3 23. Na5 Rc3 24. Nxb7 Rd2 25. Bf3 b2 26. Rbe1 Rdc2 0-1

[Event "*** Titled Tuesday Blitz"]
[Site "Chess.com"]
[Date "2020.11.03"]
[Round "7"]
[White "CraiggoryC"]
[Black "ethylalcohol"]
[Result "1-0"]
[WhiteElo "2282"]
[BlackElo "2078"]
[TimeControl "180+1"]
[EndTime "11:18:47 PST"]
[Termination "CraiggoryC won by resignation"]

1. e4 e6 2. d4 d5 3. e5 c5 4. c3 Nc6 5. Nf3 Qb6 6. a3 Nge7 7. b4 cxd4 8. cxd4 Nf5 9. Be3 Nxe3 10. fxe3 Be7 11.
Bd3 O-O 12. O-O f6 13. exf6 Bxf6 14. Nc3 Bd7 15. Na4 Qc7 16. Rc1 Qd6 17. Nc5 Bc8 18.
Bb1 Ne7 19. Ne5 Bxe5 20. Bxh7+ Kxh7 21. Qh5+ Kg8 22. Rxf8+ Kxf8 23. dxe5 Qd8 24. Qh8+ Ng8 25. Rf1+ 1-0

[Event "*** Titled Tuesday Blitz"]
[Site "Chess.com"]
[Date "2020.11.03"]
[Round "7"]
[White "redbaron8888"]
[Black "chito89"]
[Result "0-1"]
[WhiteElo "2545"]
[BlackElo "2786"]
[TimeControl "180+1"]
[EndTime "11:18:52 PST"]
[Termination "chito89 won by resignation"]

1. d4 Nf6 2. Bg5 d5 3. Nd2 c5 4. e3 Nc6 5. c3 cxd4 6. exd4 Bf5 7. Qb3 Qd7 8. Ngf3 e6 9. Ne5 Qc7 10. Bb5 Bd6 11. f4 O-O 12. O-O Ne4 13. Nxe4 Bxe4 14. Bh4 f6 15. Nxc6 bxc6 16. Ba4 Bxf4 17. Bxc6 Rab8 18. Qa4 Rxb2 19. Bf2 Bxh2+ 20. Kh1 Bxg2+ 21.
Kxg2 Qg3+ 22. Kh1 Qh3 0-1

[Event "*** Titled Tuesday Blitz"]
[Site "Chess.com"]
[Date "2020.11.03"]
[Round "7"]
[White "Ashedu66"]
[Black "andrzej"]
[Result "0-1"]
[WhiteElo "2235"]
[BlackElo "2374"]
[TimeControl "180+1"]
[EndTime "11:19:01 PST"]
[Termination "andrzej won by resignation"]

1. d4 Nf6 2. Nf3 g6 3. c4 Bg7 4.
Nc3 O-O 5. e4 d6 6. h3 e5 7. d5 Na6 8. Bg5 Qe8 9. g4 Nd7 10.
Nd2 Ndc5 11. Rg1 Kh8 12. a3 f5 13. gxf5 gxf5 14. Be2 fxe4 15. Ndxe4 Nxe4 16. Nxe4 Bxh3 17. Qd2 Bf5 18. Bd3 Qg6 19. f3 Nc5 20. Nxc5 dxc5 21. O-O-O Bxd3 22. Be7 Bh6 23. Rxg6 Bxd2+ 24. Kxd2 Bxg6 25.
Bxf8 Rxf8 26. Ke3 Bh5 0-1

[Event "*** Titled Tuesday Blitz"]
[Site "Chess.com"]
[Date "2020.11.03"]
[Round "7"]
[White "Skat2704"]
[Black "Kaslask"]
[Result "1-0"]
[WhiteElo "2442"]
[BlackElo "2293"]
[TimeControl "180+1"]
[EndTime "11:19:02 PST"]
[Termination "Skat2704 won by checkmate"]

1. d4 Nf6 2. c4 g6 3. Nc3 d5 4. Nf3 Bg7 5. e3 O-O 6. cxd5 Nxd5 7. Bc4 Nb6 8. Bb3 N8d7 9. O-O e5 10. dxe5 Nxe5 11.
Nxe5 Bxe5 12. Qe2 c6 13. Rd1 Qe7 14. f4 Bg7 15. e4 Bxc3 16. bxc3 Bf5 17. e5 Rad8 18. Be3 Nd5 19. Bd2 Qh4 20. Qf2 Qh5 21. c4 Nb6 22. Bb4 Rfe8 23. Rd6 Be6 24. Rad1 Rxd6 25.
exd6 Nd7 26. Bc3 Bxc4 27. Qd4 Ne5 28. Bxc4 Nf3+ 29. gxf3 Qxf3 30. Qg7# 1-0

[Event "*** Titled Tuesday Blitz"]
[Site "Chess.com"]
[Date "2020.11.03"]
[Round "7"]
[White "Vyacheslav_N"]
[Black "RobPeresian"]
[Result "0-1"]
[WhiteElo "2295"]
[BlackElo "2453"]
[TimeControl "180+1"]
[EndTime "11:19:04 PST"]
[Termination "RobPeresian won on time"]

1. e4 e5 2. Nc3 Nf6 3. f4 d5 4.
fxe5 Nxe4 5. Qf3 Nxc3 6. dxc3 Be7 7. Bf4 O-O 8. O-O-O c6 9. Bd3 Nd7 10. Qg3 Nc5 11.
Nf3 Nxd3+ 12. cxd3 Bf5 13. h4 Kh8 14. h5 h6 15. Nh4 Bh7 16. Rdf1 Qa5 17. Kb1 Qb5 18. Ng6+ fxg6 19. hxg6 Rxf4 20. Rxf4 Bg8 21. c4 dxc4 22. Rf6 Bxf6 23. exf6 c3 24. b3 Bxb3 25. fxg7+ Kg8 0-1

[Event "*** Titled Tuesday Blitz"]
[Site "Chess.com"]
[Date "2020.11.03"]
[Round "7"]
[White "dopolian"]
[Black "Na_binci"]
[Result "1-0"]
[WhiteElo "2359"]
[BlackElo "2163"]
[TimeControl "180+1"]
[EndTime "11:19:04 PST"]
[Termination "dopolian won by resignation"]

1. Nf3 Nf6 2. b3 g6 3. Bb2 Bg7 4. g3 O-O 5. Bg2 d6 6. d4 c5 7. dxc5 dxc5 8. Qxd8 Rxd8 9. O-O Nc6 10. c4 Bg4 11. Na3 Nd7 12. Bxg7 Kxg7 13. Nb5 a6 14.
Nc3 Nf6 15. Rfd1 Rxd1+ 16. Rxd1 Rd8 17. Rxd8 Nxd8 18. Ne5 Bc8 19. Na4 Nd7 20. Nxd7 Bxd7 21.
Nxc5 Bc6 22. Bxc6 Nxc6 23. Nxb7 Nb4 24. Nc5 Nxa2 25. Nxa6 Kf6 26. Nc5 Ke5 27. e3 Kd6 28. Nd3 e5 29. e4 Nc3 30. f3 Ne2+ 31. Kf2 Nd4 32. c5+ Kc6 33. Nxe5+ Kxc5 34. Nxf7 Nxb3 35. Ng5 h6 36. Nf7 Kd4 37. Nxh6 Ke5 38. Ng4+ Ke6 39. Ne3 Nc5 40. h4 Kf6 41. g4 Nd7 42. f4 Nc5 43.
g5+ Kf7 44. Kf3 Nd3 45. Nc4 Ne1+ 46. Kg4 Nd3 47. Ne5+ Nxe5+ 48. fxe5 Ke6 49. h5 1-0

[Event "*** Titled Tuesday Blitz"]
[Site "Chess.com"]
[Date "2020.11.03"]
[Round "7"]
[White "Vanina1989"]
[Black "ChristopherYoo"]
[Result "1-0"]
[WhiteElo "2622"]
[BlackElo "2837"]
[TimeControl "180+1"]
[EndTime "11:19:06 PST"]
[Termination "Vanina1989 won by checkmate"]

1. d4 Nf6 2. c4 c5 3. d5 b5 4. a4 bxc4 5. Nc3 g6 6. e4 d6 7. Bxc4 Bg7 8. Nf3 O-O 9. O-O Ba6 10. Bb5 Ne8 11. Bg5 h6 12. Bh4 Nc7 13. Qe2 Bxb5 14. axb5 Nd7 15. Nd2 Rb8 16. f4 a6 17. e5 g5 18. fxg5 hxg5 19. Bxg5 Nxe5 20. Nde4 axb5 21. Ng3 b4 22. Nce4 Nxd5 23. Nf5 Qd7 24. Rad1 Nf6 25.
Nxg7 Nxe4 26. Qxe4 Kxg7 27. Qxe5+ f6 28. Qg3 fxg5 29.
Qxg5+ Kh7 30. Rfe1 Rf7 31. Re4 Rc8 32. Rh4# 1-0

[Event "*** Titled Tuesday Blitz"]
[Site "Chess.com"]
[Date "2020.11.03"]
[Round "7"]
[White "Tocras"]
[Black "Mikhail_Golubev"]
[Result "1-0"]
[WhiteElo "2796"]
[BlackElo "2556"]
[TimeControl "180+1"]
[EndTime "11:19:08 PST"]
[Termination "Tocras won by resignation"]

1. e4 c5 2. Nc3 g6 3. Bc4 Bg7 4. d3 Nc6 5. a3 e6 6. h4 Nge7 7. h5 d5 8. Ba2 b5 9. h6 Bf6 10. Qf3 Ng8 11. Nge2 d4 12. e5 Nxe5 13. Qxa8 dxc3 14. Nxc3 Qd7 15. Ne4 Be7 16. Bf4 Nc6 17. Bd6 Bd8 18. Bxc5 Bb7 19. Qxb7 Qxb7 20. Nd6+ Kd7 21.
Nxb7 Nf6 22. Nxd8 Rxd8 23. O-O-O 1-0

[Event "*** Titled Tuesday Blitz"]
[Site "Chess.com"]
[Date "2020.11.03"]
[Round "7"]
[White "ClydeHillKid"]
[Black "Kapibara_Warri0r"]
[Result "1-0"]
[WhiteElo "2357"]
[BlackElo "2146"]
[TimeControl "180+1"]
[EndTime "11:19:08 PST"]
[Termination "ClydeHillKid won on time"]

1. e4 e5 2. Nf3 Nc6 3. Bc4 Nf6 4. d3 Be7 5. O-O O-O 6. c3 d5 7. exd5 Nxd5 8. h3 Nb6 9. Bb3 Bd6 10. Re1 Kh8 11. Ng5 Qf6 12. Qh5 Qg6 13. Nxf7+ Rxf7 14. Qxg6 hxg6 15. Bxf7 Bf5 16. Nd2 Rf8 17. Bc4 Nxc4 18. Nxc4 Bxd3 19. Nxd6 cxd6 20. Be3 e4 21. Rad1 a6 22.
f3 d5 23. fxe4 dxe4 24. Rd2 Ne5 25. Rf2 1-0

[Event "*** Titled Tuesday Blitz"]
[Site "Chess.com"]
[Date "2020.11.03"]
[Round "7"]
[White "Atousa1"]
[Black "MartinZumsande"]
[Result "1/2-1/2"]
[WhiteElo "2427"]
[BlackElo "2567"]
[TimeControl "180+1"]
[EndTime "11:19:09 PST"]
[Termination "Game drawn by repetition"]

1. e4 e6 2. d4 d5 3. Nd2 Nf6 4. e5 Nfd7 5. Bd3 c5 6. c3 b6 7. Ne2 Ba6 8. Bxa6 Nxa6 9. O-O Nc7 10. f4 f5 11. exf6 Nxf6 12. Nf3 Bd6 13. Ne5 O-O 14. Ng3 Bxe5 15. fxe5 Nd7 16. Be3 Qh4 17. Qh5 Qxh5 18.
Nxh5 c4 19. g4 Rxf1+ 20. Rxf1 Rf8 21. Bg5 Rxf1+ 22. Kxf1 Kf7 23. Ke2 b5 24. Bd8 Na6 25.
a3 Nab8 26. Kd2 Nc6 27. Bh4 Nb6 28. Bf2 Na4 29. Kc2 a5 30. Nf4 b4 31. axb4 axb4 32. Ne2 b3+ 33. Kc1 Ne7 34. Nf4 Ng6 35. Nxg6 Kxg6 36.
Be3 h5 37. h3 hxg4 38. hxg4 Nb6 39. Kd1 Na8 40. Ke2 Nc7 41. Kf3 Nb5 42. Bd2 Na3 43.
Bc1 Nb5 44. Bd2 Nc7 45. Kf4 Nb5 46. Kf3 1/2-1/2

[Event "*** Titled Tuesday Blitz"]
[Site "Chess.com"]
[Date "2020.11.03"]
[Round "7"]
[White "exoticprincess"]
[Black "TorFredrikKaasen"]
[Result "1-0"]
[WhiteElo "2889"]
[BlackElo "2708"]
[TimeControl "180+1"]
[EndTime "11:19:10 PST"]
[Termination "exoticprincess won by resignation"]

1. b3 d5 2. Bb2 Bf5 3. e3 e6 4. h3 h6 5. Nc3 Nf6 6. d4 Be7 7. g4 Bh7 8. Bd3 Bxd3 9. Qxd3 Nbd7 10. Nge2 c5 11. O-O-O Rc8 12. dxc5 Nxc5 13. Qb5+ Qd7 14.
f3 Qxb5 15. Nxb5 a6 16. Nbd4 O-O 17. Kb1 Ne8 18. h4 Nd6 19. Ng3 Rfe8 20. Nh5 g6 21. Ng3 Bf6 22. g5 hxg5 23. hxg5 Bg7 24. Rh4 Rcd8 25.
Rdh1 e5 26. Nde2 Ne6 27. f4 d4 28. fxe5 Nb5 29. Ne4 dxe3 30. a4 Rd2 31. axb5 Rxe2 32. Nf6+ 1-0

[Event "*** Titled Tuesday Blitz"]
[Site "Chess.com"]
[Date "2020.11.03"]
[Round "7"]
[White "grunbergmihai"]
[Black "PaulfromSPb"]
[Result "0-1"]
[WhiteElo "2485"]
[BlackElo "2713"]
[TimeControl "180+1"]
[EndTime "11:19:10 PST"]
[Termination "PaulfromSPb won by checkmate"]

1. Nf3 Nf6 2. c4 b6 3. g3 Bb7 4. Bg2 Ba6 5. b3 c6 6. O-O e6 7. Nc3 d5 8. Ne5 Bd6 9. d4 O-O 10. a4 Nfd7 11. Nxd7 Nxd7 12. Bb2 Rc8 13. a5 b5 14. c5 Bb8 15. f4 b4 16. Na2 Bb5 17. Nxb4 a6 18. Qd2 f6 19. e4 dxe4 20. Bxe4 Nxc5 21.
Bxh7+ Kxh7 22. Qc2+ Kg8 23. dxc5 Ba7 24. Kg2 Bxf1+ 25. Rxf1 Qxa5 26. Qc4 Rfe8 27. Bd4 Qb5 28. Qc3 Rcd8 29. Bxf6 Qe2+ 30. Rf2 Qe4+ 31. Rf3 gxf6 32. Qxf6 Rd2+ 33. Kh3 Qf5+ 34. Qxf5 exf5 35. Nxc6 Re6 36.
Nxa7 Rh6# 0-1

[Event "*** Titled Tuesday Blitz"]
[Site "Chess.com"]
[Date "2020.11.03"]
[Round "7"]
[White "picturesquecheck"]
[Black "Fortitudine"]
[Result "0-1"]
[WhiteElo "2122"]
[BlackElo "2267"]
[TimeControl "180+1"]
[EndTime "11:19:11 PST"]
[Termination "Fortitudine won by resignation"]

1. e4 c5 2. Nf3 d6 3. d4 cxd4 4. Nxd4 Nf6 5. Nc3 Nc6 6. Bg5 Bd7 7. Qd2 Rc8 8. O-O-O Nxd4 9. Qxd4 Qa5 10. f4 Rxc3 11. Qxc3 Qxc3 12. bxc3 Nxe4 13. Kb2 Nf2 14. Bc4 Nxh1 15.
Rxh1 Bc6 16. Rg1 e6 17. g4 Be7 18. Bxe7 Kxe7 19. f5 d5 20. Bd3 e5 21. c4 f6 22.
cxd5 Bxd5 23. h4 h6 24. g5 hxg5 25. hxg5 e4 26. Bb5 Kd6 27. gxf6 gxf6 28. Rg7 Rd8 29. c4 Bc6 30. Rf7 Ke5 31. Bxc6 bxc6 32. Rxa7 Kxf5 33. Re7 Kf4 34. Kc3 c5 35. Rc7 Ra8 36. Rxc5 Rxa2 37. Rh5 f5 38. Rh4+ 0-1

[Event "*** Titled Tuesday Blitz"]
[Site "Chess.com"]
[Date "2020.11.03"]
[Round "7"]
[White "MashaFromRussia"]
[Black "pastouche06"]
[Result "0-1"]
[WhiteElo "2349"]
[BlackElo "2504"]
[TimeControl "180+1"]
[EndTime "11:19:15 PST"]
[Termination "pastouche06 won by resignation"]

1. d4 d5 2. c4 e6 3. Nf3 Nf6 4. g3 dxc4 5. Bg2 Bd7 6. O-O Bc6 7. Nbd2 b5 8. e3 Be7 9. a4 a6 10. Ne5 Bxg2 11. Kxg2 Qd5+ 12. f3 O-O 13. Nb1 Nbd7 14. Nc3 Qb7 15. Nxd7 Nxd7 16. e4 c5 17. d5 exd5 18.
Nxd5 Ne5 19. f4 Nd3 20. Qg4 f5 21. Qf3 Rad8 22. Nxe7+ Qxe7 23. e5 Qc7 24. axb5 axb5 25. Be3 Nxb2 26. Ra6 Nd3 27. Rfa1 Qd7 28. Rd6 Qe7 29. Rb6 Rb8 30. Rba6 b4 31. Ra7 Qxa7 32. Rxa7 Ne1+ 0-1

[Event "*** Titled Tuesday Blitz"]
[Site "Chess.com"]
[Date "2020.11.03"]
[Round "7"]
[White "andriipalchuk"]
[Black "FMalexhdez"]
[Result "1-0"]
[WhiteElo "2453"]
[BlackElo "2305"]
[TimeControl "180+1"]
[EndTime "11:19:15 PST"]
[Termination "andriipalchuk won by resignation"]

1. d4 Nf6 2. c4 e6 3. Nf3 Bb4+ 4.
Bd2 Qe7 5. g3 a5 6. Bg2 O-O 7.
O-O Bxd2 8. Qxd2 d6 9. Nc3 Nbd7 10. b3 e5 11. dxe5 Nxe5 12. Nd4 c6 13. e4 Ng6 14. f4 Re8 15. Rfe1 Qc7 16. h3 h5 17. Rad1 Bd7 18. Nf3 Rad8 19. Qxd6 Qc8 20. Qc5 Bxh3 21. e5 Bxg2 22. Kxg2 Ng4 23. Ne4 Rxd1 24. Rxd1 Qf5 25.
Nd6 Qc2+ 26. Rd2 Qc3 27. Nxe8 h4 28. Qd4 Ne3+ 29. Kh3 1-0

[Event "*** Titled Tuesday Blitz"]
[Site "Chess.com"]
[Date "2020.11.03"]
[Round "7"]
[White "lacafi"]
[Black "dosto07"]
[Result "0-1"]
[WhiteElo "2094"]
[BlackElo "2355"]
[TimeControl "180+1"]
[EndTime "11:19:18 PST"]
[Termination "dosto07 won on time"]

1. d4 d5 2. Nf3 Nf6 3. e3 c5 4.
c3 Nc6 5. Nbd2 Qb6 6. Bd3 Bg4 7.
Qa4 c4 8. Bb1 Bd7 9. Qd1 e6 10.
e4 Be7 11. Qe2 O-O 12. O-O Qd8 13. Re1 b5 14. exd5 exd5 15. Ne5 Bd6 16. Ndf3 h6 17. Qc2 Re8 18. Bf4 Qc7 19. Bg3 Ne4 20. Rxe4 Bf5 21. Qc1 Bxe4 22. Bxe4 dxe4 23. Nd2 Nxe5 0-1

[Event "*** Titled Tuesday Blitz"]
[Site "Chess.com"]
[Date "2020.11.03"]
[Round "7"]
[White "queen_iryna"]
[Black "Fischerev7"]
[Result "1-0"]
[WhiteElo "2275"]
[BlackElo "2393"]
[TimeControl "180+1"]
[EndTime "11:19:19 PST"]
[Termination "queen_iryna won by resignation"]

1. e4 c5 2. Nf3 d6 3. Bb5+ Nd7 4. O-O a6 5. Bxd7+ Bxd7 6. d4 cxd4 7. Qxd4 e5 8. Qd3 b5 9. a4 Rc8 10. Nc3 Nf6 11.
Bg5 Be7 12. Bxf6 gxf6 13. axb5 axb5 14. Nxb5 Qb6 15. c4 O-O 16. Rfd1 Bxb5 17. cxb5 Rc5 18. Nh4 Rd8 19. Nf5 Bf8 20. Qg3+ Kh8 21. Qh4 Bg7 22. Ra3 Rc2 23. Rh3 h6 24. Nxg7 Qxf2+ 25. Qxf2 Rxf2 26. Kxf2 Kxg7 27. b6 Rb8 28. Rxd6 1-0

[Event "*** Titled Tuesday Blitz"]
[Site "Chess.com"]
[Date "2020.11.03"]
[Round "7"]
[White "XDPS"]
[Black "ssrija97"]
[Result "1-0"]
[WhiteElo "2674"]
[BlackElo "2303"]
[TimeControl "180+1"]
[EndTime "11:19:20 PST"]
[Termination "XDPS won by checkmate"]

1. e4 e5 2. Nf3 Nc6 3. Bb5 a6 4. Ba4 Nf6 5. O-O b5 6. Bb3 Bb7 7. d3 Be7 8. Nc3 O-O 9. a3 d6 10. Re1 Qd7 11. Ne2 d5 12. exd5 Nxd5 13. Ng3 f6 14. d4 Nxd4 15. Nxd4 exd4 16. Qxd4 Rfe8 17. c4 bxc4 18. Qxc4 Kh8 19. Bd2 Nb6 20. Qc2 c5 21. Ba5 Qc6 22. Qe4 c4 23. Bc2 Qd7 24. Qxh7# 1-0

[Event "*** Titled Tuesday Blitz"]
[Site "Chess.com"]
[Date "2020.11.03"]
[Round "7"]
[White "kidagent"]
[Black "djano"]
[Result "0-1"]
[WhiteElo "2296"]
[BlackElo "2466"]
[TimeControl "180+1"]
[EndTime "11:19:21 PST"]
[Termination "djano won by resignation"]

1. e4 c5 2. Nf3 g6 3. d4 cxd4 4. Nxd4 Bg7 5. Nc3 Nc6 6. Be3 d6 7. Be2 Nf6 8. O-O O-O 9. Nb3 b6 10. h3 Bb7 11. f4 Rc8 12. Bf3 Nd7 13. g4 Na5 14. Nxa5 bxa5 15. Bd4 e5 16. Bxa7 exf4 17. Qxd6 Rc6 18. Qd3 Qa8 19. Qxd7 Qxa7+ 20. Kg2 Bxc3 21. bxc3 Rxc3 22. Rf2 Rfc8 23. Rb1 Rxc2 24. Rxc2 Rxc2+ 25. Kh1 Qf2 26. Qd8+ Kg7 0-1

[Event "*** Titled Tuesday Blitz"]
[Site "Chess.com"]
[Date "2020.11.03"]
[Round "7"]
[White "VinzentSpitzl"]
[Black "AlexSuv"]
[Result "0-1"]
[WhiteElo "2318"]
[BlackElo "2562"]
[TimeControl "180+1"]
[EndTime "11:19:21 PST"]
[Termination "AlexSuv won by resignation"]

1. e4 c5 2. Nf3 e6 3. g3 d5 4.
exd5 exd5 5. Bg2 Nc6 6. O-O Nf6 7. d4 Bg4 8. Re1+ Be7 9. dxc5 O-O 10. Nbd2 Bxc5 11. Nb3 Bb6 12. h3 Bh5 13. g4 Bg6 14. c3 Ne4 15. Be3 Bxe3 16. Rxe3 f5 17.
gxf5 Bxf5 18. Nbd4 Bd7 19. Nxc6 bxc6 20. Qd4 Qf6 21. Qxf6 Rxf6 22. Ne5 Bf5 23. Bxe4 Bxe4 24. f3 Bf5 25. Kg2 Rb8 26. b4 d4 27. cxd4 Rxb4 28. Rc1 Rxd4 29. Nxc6 Rd2+ 30. Kg3 h6 31. Ne7+ Kh7 32.
Nxf5 Rxf5 33. Ra3 Rg5+ 34. Kf4 Rd7 35. Rc4 Rf7+ 36. Ke3 Rh5 37. Rca4 Rxh3 38. Rxa7 Rfxf3+ 0-1

[Event "*** Titled Tuesday Blitz"]
[Site "Chess.com"]
[Date "2020.11.03"]
[Round "7"]
[White "esapunov"]
[Black "Vi_Los"]
[Result "1-0"]
[WhiteElo "2620"]
[BlackElo "2319"]
[TimeControl "180+1"]
[EndTime "11:19:22 PST"]
[Termination "esapunov won by resignation"]

1. c4 e5 2. Nf3 Nc6 3. Nc3 Nf6 4. e3 Bb4 5. Qc2 O-O 6. Nd5 Be7 7. a3 d6 8. Bd3 h6 9. b4 Be6 10. Nxf6+ Bxf6 11. Bb2 a5 12. b5 Ne7 13. O-O g6 14. Rac1 b6 15. Be4 Rb8 16. d4 Bg7 17. dxe5 dxe5 18. Rfd1 Qc8 19. Bxe5 f5 20. Bxg7 Kxg7 21. Qc3+ Kh7 22.
Bd3 Ng8 23. c5 Qe8 24. Qe5 Qf7 25. cxb6 cxb6 26. Rc7 Ne7 27. Nd4 Rbc8 28. Nxe6 Rxc7 29.
Nxc7 Qb3 30. Be2 1-0

[Event "*** Titled Tuesday Blitz"]
[Site "Chess.com"]
[Date "2020.11.03"]
[Round "7"]
[White "AsaHoffmann"]
[Black "Neftegor"]
[Result "0-1"]
[WhiteElo "2293"]
[BlackElo "2447"]
[TimeControl "180+1"]
[EndTime "11:19:22 PST"]
[Termination "Neftegor won by resignation"]

1. d4 Nf6 2. Bg5 d5 3. Nd2 c5 4. e3 cxd4 5. exd4 Qb6 6. Nb3 Ne4 7. Be3 Nc6 8. Bd3 Bf5 9. Nf3 e6 10. Nh4 Bg6 11. Nxg6 hxg6 12. Bxe4 dxe4 13. d5 Qb5 14. dxc6 Rd8 15. Qe2 Qxc6 16. Nd4 Bb4+ 17. c3 Bxc3+ 18. bxc3 Qxc3+ 19. Qd2 Qxa1+ 20. Ke2 Qxh1 21. Qb4 Qxh2 22.
Qb5+ Kf8 23. Qxb7 Qh5+ 24. Ke1 Qd5 25. Qxa7 e5 0-1